[Event "Team 45 45 League T45"]
[Site "Internet Chess Club"]
[Date "2010.05.16"]
[Round "2"]
[White "Monsieur"]
[Black "werty"]
[Result "1-0"]
[WhiteElo "1561"]
[BlackElo "1520"]
[Opening "French defense"]
[ECO "C01"]
[Time "08:00:51"]
[TimeControl "2700+45"]

1. e4 e6 2. d4 d5 3. c4 dxe4 4. Nc3 Nf6 5. f3 exf3 6. Nxf3 c5 7. Bf4 cxd4 8. Nb5
Bb4+ 9. Nd2 Na6 10. Qa4 Bxd2+ 11. Kxd2 Bd7 12. Bd3 O-O 13. Be5 Bxb5 14. cxb5 Nc5
15. Qxd4 Qxd4 16. Bxd4 Nxd3 17. Bxf6 gxf6 18. Kxd3 Rad8+ 19. Ke3 Rd5 20. a4 Rfd8
21. Rhe1 Rd3+ 22. Kf2 Rd2+ 23. Re2 Kg7 24. Rc1 R8d7 25. b4 R2d4 26. Rb2 Rd2+ 27.
Rxd2 Rxd2+ 28. Ke3 Rb2 29. Rc4 Rxg2 30. Rc7 Rb2 31. Rxb7 Rb3+ 32. Kf2 Rb2+ 33.
Kg3 Rb3+ 34. Kf2 Rb2+ 35. Ke3 Rxb4 36. Rxa7 f5 37. Ra6 Kg6 38. b6 f4+ 39. Kf3
Kg5 40. a5 Rb3+ 41. Kf2 Kg4 42. Ra7 Rb2+ 43. Kf1 Kf3 44. Ke1 Ke3 45. Kd1 f3 46.
Rxf7 f2 47. Kc1 Rb5 48. Kc2 Ke2 49. Kc3 f1=Q 50. Rxf1 Kxf1 51. Kc4 Rxa5 52. b7
Ra4+ 53. Kc3 Ra3+ 54. Kb2 {Black resigns} 1-0

[Event "Team 45 45 League T45"]
[Site "Internet Chess Club"]
[Date "2010.05.16"]
[Round "2"]
[White "charles-allen"]
[Black "Karpyan"]
[Result "1-0"]
[WhiteElo "1899"]
[BlackElo "1824"]
[Opening "French: exchange variation"]
[ECO "C01"]
[Time "09:08:12"]
[TimeControl "2700+45"]

1. e4 e6 2. d4 d5 3. exd5 exd5 4. c4 Nf6 5. Nc3 Be7 6. Bd3 O-O 7. Nge2 dxc4 8.
Bxc4 c6 9. O-O Nbd7 10. Re1 Nb6 11. Bb3 Bg4 12. h3 Bxe2 13. Rxe2 Re8 14. Qd3
Nbd5 15. Bd2 Qd7 16. Rae1 Bf8 17. Qf3 Rxe2 18. Rxe2 h6 19. g4 g5 20. Re5 Bg7 21.
Rf5 Rd8 22. h4 Nf4 23. hxg5 hxg5 24. Rxg5 Ne6 25. Qxf6 Nxg5 26. Qxg5 Qxd4 27.
Ne4 Qxe4 28. Qxd8+ Bf8 29. Qg5+ Bg7 30. Bc3 Qb1+ 31. Kh2 Qh7+ 32. Kg3 Qd3+ 33.
Kg2 Qe4+ 34. f3 Qh7 35. Qxg7+ Qxg7 36. Bxg7 Kxg7 37. f4 {Black resigns} 1-0

[Event "Team 45 45 League T45"]
[Site "Internet Chess Club"]
[Date "2010.05.19"]
[Round "2"]
[White "SneakyRed"]
[Black "Atlantis"]
[Result "1/2-1/2"]
[WhiteElo "1804"]
[BlackElo "1882"]
[Opening "Sicilian: Alapin's variation (2.c3)"]
[ECO "B22"]
[Time "15:00:31"]
[TimeControl "2700+45"]

1. e4 c5 2. c3 d5 3. exd5 Qxd5 4. d4 Nf6 5. Nf3 e6 6. Be3 cxd4 7. cxd4 Be7 8.
Nc3 Qd8 9. Bc4 O-O 10. O-O Nc6 11. Qe2 Na5 12. Bd3 b6 13. Ne5 Bb7 14. Rfd1 Nc6
15. Rac1 Rc8 16. a3 Qd6 17. Ne4 Qd8 18. b4 Nd5 19. Ba6 Nxe5 20. Bxb7 Rxc1 21.
Rxc1 Ng6 22. Qa6 Qb8 23. Bg5 Bxg5 24. Nxg5 Nc7 25. Qc4 Ne8 26. Bf3 h6 27. Ne4
Nh4 28. Bh5 Nf5 29. d5 Ned6 30. Nxd6 Nxd6 31. Qd3 exd5 32. Qxd5 Ne8 33. Bf3 Nf6
34. Qc6 Re8 35. g3 Rd8 36. Kg2 Rd3 37. a4 Rd4 38. Rc4 Rxc4 39. Qxc4 a5 {Game
drawn by mutual agreement} 1/2-1/2

[Event "Team 45 45 League T45"]
[Site "Internet Chess Club"]
[Date "2010.05.17"]
[Round "2"]
[White "MidasMulligan"]
[Black "bondguy01"]
[Result "0-1"]
[WhiteElo "1680"]
[BlackElo "1711"]
[Opening "French: Albin-Alekhine-Châtard attack, Spielmann variation"]
[ECO "C13"]
[Time "19:00:27"]
[TimeControl "2700+45"]

1. e4 e6 2. d4 d5 3. Nc3 Nf6 4. Bg5 Be7 5. e5 Nfd7 6. h4 O-O 7. Qg4 Kh8 8. Bd3
c5 9. f4 Nc6 10. O-O-O Nxd4 11. Nf3 f5 12. exf6 Nxf6 13. Bxf6 Bxf6 14. Ne5 Bxe5
15. fxe5 Bd7 16. Qh5 Nf5 17. Rdf1 Qe8 18. Qg5 Qg6 19. Qxg6 hxg6 20. g4 Ne7 21.
Bb5 Nc6 22. Bxc6 Bxc6 23. Ne2 Bb5 24. Kd2 Kg8 25. Rf4 Bxe2 26. Rxf8+ Rxf8 27.
Kxe2 Rf4 28. g5 Re4+ 29. Kf3 Rxe5 30. a4 a5 31. Rd1 Re4 32. b3 Rxh4 33. Re1 Kf7
34. Re5 Rh1 35. c4 Rf1+ 36. Kg2 Rf5 37. Rxf5+ gxf5 38. cxd5 exd5 39. Kf3 g6 40.
Kf4 Ke6 {White resigns} 0-1

[Event "Team 45 45 League T45"]
[Site "Internet Chess Club"]
[Date "2010.05.15"]
[Round "2"]
[White "vaknight"]
[Black "BraafPaard"]
[Result "1/2-1/2"]
[WhiteElo "1637"]
[BlackElo "1604"]
[Opening "Bird: From gambit, Lasker variation"]
[ECO "A02"]
[Time "09:00:20"]
[TimeControl "2700+45"]

1. f4 e5 2. fxe5 d6 3. exd6 Bxd6 4. Nf3 g5 5. g3 Nc6 6. d4 g4 7. Nh4 Be7 8. Ng2
Qxd4 9. Nd2 Be6 10. c3 Qd5 11. e4 Qe5 12. Nf4 O-O-O 13. Qc2 Bf5 14. Be2 Bd7 15.
Nc4 Qg7 16. Be3 Bf6 17. O-O-O Nge7 18. Nh5 Qg6 19. Nxf6 Qxf6 20. Rhf1 Qg7 21.
Rf2 h5 22. b4 a6 23. a4 Nxb4 24. cxb4 Qa1+ 25. Qb1 Qc3+ 26. Qc2 Qa1+ 27. Qb1
Qc3+ 28. Qc2 Qa1+ 29. Qb1 {Game drawn by repetition} 1/2-1/2

[Event "Team 45 45 League T45"]
[Site "Internet Chess Club"]
[Date "2010.05.15"]
[Round "2"]
[White "SlimeDog2"]
[Black "koni"]
[Result "1-0"]
[WhiteElo "2158"]
[BlackElo "1934"]
[Opening "King's Indian: fianchetto, Yugoslav, 7.O-O"]
[ECO "E65"]
[Time "14:00:22"]
[TimeControl "2700+45"]

1. d4 d6 2. Nf3 Nf6 3. c4 g6 4. g3 Bg7 5. Bg2 O-O 6. Nc3 c5 7. O-O cxd4 8. Nxd4
a6 9. b3 Qc7 10. Bb2 Nc6 11. Rc1 Nxd4 12. Qxd4 Bd7 13. Nd5 Qd8 14. Rc2 Bc6 15.
Rfc1 h5 16. Qh4 Rc8 17. Nxf6+ Bxf6 18. Bxf6 exf6 19. Bxc6 Rxc6 20. Qd4 Qe7 21.
Rc3 Qxe2 22. a3 Qe5 23. Qd2 Kg7 24. Rd3 Rd8 25. Rd5 Qe7 26. Rd1 Qc7 27. Qd4 Qe7
28. Qd3 Qc7 29. h4 Qe7 30. c5 Rdc8 31. Rxd6 Rxc5 32. Rd7 Qe6 33. Rxb7 Rc3 34.
Qd7 Qe8 35. Qxe8 Rxe8 36. Rdd7 Re1+ 37. Kg2 Rcc1 38. Rxf7+ Kg8 39. Rxf6 Rg1+ 40.
Kf3 Rc3+ 41. Kf4 Rc5 42. Rxg6+ Kf8 43. Rxa6 Rc8 44. Rh6 {Black resigns} 1-0

[Event "Team 45 45 League T45"]
[Site "Internet Chess Club"]
[Date "2010.05.15"]
[Round "2"]
[White "MtzKid"]
[Black "IceBox"]
[Result "1-0"]
[WhiteElo "1640"]
[BlackElo "1668"]
[Opening "French: MacCutcheon, Lasker variation"]
[ECO "C12"]
[Time "16:30:38"]
[TimeControl "2700+45"]

1. e4 e6 2. d4 d5 3. Nc3 Nf6 4. Bg5 Bb4 5. e5 h6 6. Bd2 Bxc3 7. bxc3 Ne4 8. Qg4
Kf8 9. Bd3 Nxd2 10. Kxd2 Qg5+ 11. Qxg5 hxg5 12. Nf3 g4 13. Ng5 Rh5 14. h4 f6 15.
Nh7+ Kf7 16. Rae1 c5 17. dxc5 Nc6 18. exf6 gxf6 19. f3 gxf3 20. gxf3 Ne5 21.
Ng5+ Ke7 22. Rxe5 fxe5 23. Bg6 Rh6 24. h5 Kf6 25. Nf7 Rxg6 26. hxg6 Kxg6 27.
Nxe5+ Kf6 28. f4 b6 29. cxb6 Kg7 30. Rg1+ Kf6 31. Rg6+ Kf5 32. Rg7 Kxf4 33. Nd3+
Ke4 34. b7 Bxb7 35. Rxb7 a5 36. Re7 Kf5 37. Rf7+ Kg6 38. Ne5+ Kg5 39. c4 dxc4
40. Nxc4 Rd8+ 41. Ke3 Rc8 42. Kd3 Rd8+ 43. Kc3 Rc8 44. Ra7 Kf4 45. Rxa5 e5 46.
Rxe5 Rxc4+ 47. Kxc4 {Black resigns} 1-0

[Event "Team 45 45 League T45"]
[Site "Internet Chess Club"]
[Date "2010.05.16"]
[Round "2"]
[White "Wheels"]
[Black "chessateer"]
[Result "0-1"]
[WhiteElo "1916"]
[BlackElo "1862"]
[Opening "Ruy Lopez: Anderssen variation"]
[ECO "C77"]
[Time "14:00:24"]
[TimeControl "2700+45"]

1. e4 e5 2. Nf3 Nc6 3. Bb5 a6 4. Ba4 Nf6 5. d3 b5 6. Bb3 Be7 7. c3 d6 8. O-O O-O
9. h3 Na5 10. Bc2 c5 11. Be3 Bb7 12. Nbd2 Qc7 13. Qe2 d5 14. exd5 Nxd5 15. Bg5
Bxg5 16. Nxg5 h6 17. Ngf3 Rae8 18. Rfe1 Nf4 19. Qf1 c4 20. g3 Nxd3 21. Bxd3 cxd3
22. Qxd3 Qc6 23. Qe4 Qd7 24. Qh4 Qd5 25. Qe4 Qd7 26. Qb4 Qxh3 27. Qxa5 e4 28.
Nd4 e3 29. N2f3 g5 30. Qb6 Ba8 31. Qxa6 g4 32. Qxb5 e2 33. Qf5 Re3 34. fxe3
Qxg3+ 35. Kh1 gxf3 36. Rg1 f2+ 37. e4 e1=Q 38. Raxe1 fxe1=Q 39. Rxe1 Qxe1+ 40.
Kh2 Qh4+ {White resigns} 0-1

[Event "Team 45 45 League T45"]
[Site "Internet Chess Club"]
[Date "2010.05.17"]
[Round "2"]
[White "ddlj81"]
[Black "Philly-Boy"]
[Result "0-1"]
[WhiteElo "1781"]
[BlackElo "1897"]
[Opening "Scandinavian defense"]
[ECO "B01"]
[Time "21:22:58"]
[TimeControl "2700+45"]

1. e4 d5 2. exd5 Nf6 3. d4 Bg4 4. Be2 Bxe2 5. Qxe2 Qxd5 6. Nf3 Nc6 7. c4 Qe4 8.
Qxe4 Nxe4 9. O-O O-O-O 10. Be3 e6 11. a3 h6 12. b4 f6 13. b5 Ne7 14. Re1 g5 15.
Bc1 f5 16. Nbd2 g4 17. Nxe4 fxe4 18. Nd2 Bg7 19. Nb3 c5 20. bxc6 Nxc6 21. Rb1
Nxd4 22. Nxd4 Rxd4 23. Bb2 Rd7 24. Bxg7 Rxg7 25. Rxe4 Rg6 26. c5 Rd8 27. Reb4
Rd7 28. g3 h5 29. Kg2 Rg5 30. Re1 Re7 31. Rb5 Kc7 32. h4 Rd5 33. a4 e5 34. Rc1
e4 35. c6 Rxb5 36. axb5 Re5 37. cxb7+ Kxb7 38. Rc4 Kb6 39. Kf1 e3 40. fxe3 Rxe3
41. Rc6+ Kxb5 42. Rh6 Re5 43. Rg6 a5 44. Rg5 Rc5 45. Rg8 a4 46. Rb8+ Kc4 47. Kg2
a3 48. Kh2 Rb5 49. Ra8 Kb3 50. Kg2 Kb2 51. Re8 a2 52. Re2+ Ka3 53. Re3+ Rb3 54.
Re1 Rb2+ {White resigns} 0-1

[Event "Team 45 45 League T45"]
[Site "Internet Chess Club"]
[Date "2010.05.13"]
[Round "2"]
[White "Theodulf"]
[Black "b-spot"]
[Result "0-1"]
[WhiteElo "1583"]
[BlackElo "1779"]
[Opening "Ruy Lopez: closed, Pilnik variation"]
[ECO "C90"]
[Time "21:30:19"]
[TimeControl "2700+45"]

1. e4 e5 2. Nf3 Nc6 3. Bb5 a6 4. Ba4 Nf6 5. O-O Be7 6. Re1 b5 7. Bb3 d6 8. c3
O-O 9. d3 Na5 10. Bc2 c5 11. Nbd2 Nd7 12. Nf1 Nb6 13. b3 Bg4 14. h3 Bh5 15. Ng3
Bg6 16. Be3 Nc6 17. d4 cxd4 18. cxd4 Nb4 19. Nf5 Bxf5 20. exf5 Nxc2 21. Qxc2 Rc8
22. Qe4 Nd7 23. dxe5 Nxe5 24. Nxe5 dxe5 25. Red1 Qa5 26. a4 b4 27. Rd5 Qc7 28.
Rc1 Qb8 29. Rd7 Rxc1+ 30. Bxc1 Bf6 31. Be3 Qa8 32. Qc4 Qc8 33. Rc7 Qxf5 34. Bc5
Rd8 35. Qxf7+ Kh8 36. Be3 h6 37. Kh2 e4 38. Re7 Be5+ 39. g3 Qxf7 40. Rxf7 Bf6
41. Ra7 Rd6 42. Bc5 Rd2 43. Kg1 Rc2 44. Bxb4 Bd4 45. Bf8 Bxa7 {White resigns}
0-1

[Event "Team 45 45 League T45"]
[Site "Internet Chess Club"]
[Date "2010.05.21"]
[Round "2"]
[White "RamRock"]
[Black "ivanson"]
[Result "1/2-1/2"]
[WhiteElo "1810"]
[BlackElo "1832"]
[Opening "Ruy Lopez: Treybal (Bayreuth) variation (exchange var. deferred)"]
[ECO "C77"]
[Time "22:00:29"]
[TimeControl "2700+45"]

1. e4 e5 2. Nf3 Nc6 3. Bb5 a6 4. Ba4 Nf6 5. Bxc6 dxc6 6. d3 Qd6 7. Nbd2 Be6 8.
Ng5 O-O-O 9. Nxe6 Qxe6 10. Qe2 Bc5 11. Nc4 Nd7 12. Bd2 g6 13. b4 Ba7 14. a4 Nb6
15. Nxb6+ Bxb6 16. O-O Rhe8 17. Rfb1 Rd6 18. b5 cxb5 19. axb5 Bd4 20. c3 Bc5 21.
bxa6 Rxa6 22. Be3 Qb6 23. Bxc5 Rxa1 24. Rxa1 Qxc5 25. Ra8+ Kd7 26. Rxe8 Kxe8 27.
Qb2 Qa5 28. g3 Qa6 29. c4 f6 30. Qb3 c5 31. Kf1 Kd7 32. Ke2 Kc6 33. f4 Kd6 34.
Qb2 b6 35. Qd2 Qa1 36. fxe5+ fxe5 37. Qh6 Qb2+ 38. Kf3 Qc2 39. Qf8+ Kc7 40. Qe7+
Kc8 41. Qe8+ Kb7 42. Qd7+ Ka6 43. Qd5 Qd1+ 44. Kg2 Qe2+ 45. Kg1 Qe1+ 46. Kg2
Qe2+ 47. Kh3 Qh5+ {Game drawn by mutual agreement} 1/2-1/2

[Event "Team 45 45 League T45"]
[Site "Internet Chess Club"]
[Date "2010.05.16"]
[Round "2"]
[White "VietLion"]
[Black "chickenhead"]
[Result "1-0"]
[WhiteElo "1867"]
[BlackElo "1889"]
[Opening "French: Winawer, advance, poisoned pawn, Konstantinopolsky variation"]
[ECO "C18"]
[Time "16:00:04"]
[TimeControl "2700+45"]

1. e4 e6 2. d4 d5 3. Nc3 Bb4 4. e5 c5 5. a3 Bxc3+ 6. bxc3 Ne7 7. Qg4 Qc7 8. Qxg7
Rg8 9. Qxh7 cxd4 10. Ne2 Qxe5 11. Bf4 Qf6 12. cxd4 Nbc6 13. Qd3 Bd7 14. g3 Na5
15. Bg2 Nc4 16. Rb1 Bc6 17. h4 Qf5 18. a4 Qxd3 19. cxd3 Nb6 20. a5 Nd7 21. Kd2
Nf6 22. Rhc1 Kd7 23. Bg5 Nh7 24. Bxe7 Kxe7 25. a6 Kd7 26. axb7 Rab8 27. Rc5 Rxb7
28. Rxb7+ Bxb7 29. Ra5 Ra8 30. Nc3 Bc6 31. Bf3 Kc7 32. Bd1 Kb6 33. Rc5 Nf6 34.
Na4+ Kb7 35. Ra5 Bxa4 36. Bxa4 Ng4 37. f3 Nf6 38. Rc5 Rg8 39. g4 Rh8 40. h5 Nh7
41. Rc6 Nf6 42. Rc1 Nh7 43. Ke3 Rd8 44. f4 f6 45. Rc6 Nf8 46. g5 fxg5 47. fxg5
Rd7 48. Rb6+ Kxb6 49. Bxd7 Nxd7 50. Kd2 Kc7 51. g6 Kd8 52. h6 {Black resigns}
1-0

[Event "Team 45 45 League T45"]
[Site "Internet Chess Club"]
[Date "2010.05.13"]
[Round "2"]
[White "kidviper"]
[Black "PJ"]
[Result "1-0"]
[WhiteElo "1908"]
[BlackElo "1780"]
[Opening "Ruy Lopez: open (Tarrasch) defense"]
[ECO "C80"]
[Time "10:01:05"]
[TimeControl "2700+45"]

1. e4 e5 2. Nf3 Nc6 3. Bb5 a6 4. Ba4 Nf6 5. O-O Nxe4 6. Re1 Nc5 7. Bxc6 dxc6 8.
Nxe5 Ne6 9. Qf3 Qf6 10. Qxf6 gxf6 11. Nf3 Bd7 12. Nc3 O-O-O 13. d3 Rg8 14. Ne4
Be7 15. Bd2 Rde8 16. Kh1 f5 17. Ng3 Ng5 18. Bxg5 Bxg5 19. Rxe8+ Bxe8 20. Nxf5
Bf6 21. c3 Bd7 22. Ng3 Bg4 23. Nd2 h5 24. f3 Be6 25. Nxh5 Be7 26. Re1 Rh8 27.
Ng7 Bh4 28. Ra1 Bg3 29. h3 Bxh3 30. gxh3 Rxh3+ 31. Kg2 {Black resigns} 1-0

[Event "Team 45 45 League T45"]
[Site "Internet Chess Club"]
[Date "2010.05.16"]
[Round "2"]
[White "f5"]
[Black "Positron"]
[Result "0-1"]
[WhiteElo "2151"]
[BlackElo "2171"]
[Opening "Robatsch defense"]
[ECO "B34"]
[Time "23:31:15"]
[TimeControl "2700+45"]

1. e4 g6 2. d4 Bg7 3. Nc3 c5 4. Nf3 cxd4 5. Nxd4 Nc6 6. Be3 a6 7. a4 Nf6 8. f3
d5 9. Nxc6 bxc6 10. e5 Nd7 11. f4 e6 12. Be2 c5 13. Bf3 Rb8 14. Bc1 O-O 15. O-O
Bb7 16. b3 Qc7 17. Bb2 Rfd8 18. Qe1 Bc6 19. Ne2 Nb6 20. Qa5 Rdc8 21. Qxc5 Nxa4
22. Qd4 Nxb2 23. Qxb2 Bb5 24. Rfc1 g5 25. g3 gxf4 26. gxf4 Bxe2 27. Bxe2 Qc5+
28. Kf1 Qe3 29. Ra4 Rxb3 30. Qxb3 Qxc1+ 31. Kf2 Rxc2 32. Qf3 Rc3 33. Qg4 Qe3+
34. Kg2 Rc2 35. Kf1 Rc1+ 36. Bd1 Qd3+ 37. Ke1 Qc3+ 38. Kf2 Qd2+ 39. Be2 Qe1+ 40.
Kf3 Rc3+ 41. Kg2 Rc2 {White resigns} 0-1

[Event "Team 45 45 League T45"]
[Site "Internet Chess Club"]
[Date "2010.05.20"]
[Round "2"]
[White "Chatica"]
[Black "chsrules88"]
[Result "1-0"]
[WhiteElo "2024"]
[BlackElo "2001"]
[Opening "Danish gambit: Sorensen defense"]
[ECO "C21"]
[Time "21:01:50"]
[TimeControl "2700+45"]

1. e4 e5 2. d4 exd4 3. c3 d5 4. Qxd4 dxe4 5. Qxe4+ Qe7 6. Qxe7+ Bxe7 7. Bf4 c6
8. Nf3 Nf6 9. Bc4 O-O 10. Nbd2 Bf5 11. O-O Nbd7 12. Rfe1 Rfe8 13. Rad1 Nb6 14.
Bb3 Bc5 15. Nc4 Nbd5 16. Bd6 Ne4 17. Bxc5 Nxc5 18. Rxe8+ Rxe8 19. Nd6 Nxb3 20.
axb3 Bc2 21. Rxd5 Rd8 22. Rd2 Bxb3 23. Nxb7 Re8 24. Rd8 Kf8 25. Rxe8+ Kxe8 26.
Kf1 Ke7 27. Ke1 f6 28. Kd2 g5 29. g3 h5 30. Ke3 Bd5 31. Nd4 Kd7 32. Nc5+ Kd6 33.
b4 Ke7 34. Kd3 Kd6 35. c4 Bf7 36. Ne4+ Kc7 37. Nxf6 c5 38. bxc5 a5 39. Nd5+ Kc8
40. Nb5 Bg8 {Black resigns} 1-0

[Event "Team 45 45 League T45"]
[Site "Internet Chess Club"]
[Date "2010.05.15"]
[Round "2"]
[White "charles-allen"]
[Black "Matusalen"]
[Result "0-1"]
[WhiteElo "1885"]
[BlackElo "2024"]
[Opening "Caro-Kann: anti-anti-Caro-Kann defense"]
[ECO "B10"]
[Time "19:00:09"]
[TimeControl "2700+45"]

1. e4 c6 2. c4 d5 3. exd5 cxd5 4. cxd5 Nf6 5. Nc3 Nxd5 6. Nf3 e6 7. Bc4 Nb6 8.
Bb3 Nc6 9. d4 Be7 10. O-O O-O 11. d5 Nxd5 12. Nxd5 exd5 13. Bxd5 Bf6 14. Be4
Qxd1 15. Rxd1 Re8 16. Re1 g6 17. Rb1 Rxe4 18. Rxe4 Bf5 19. Rf4 Bxb1 20. Rxf6 Rd8
21. Bd2 Bxa2 22. h4 Ne5 23. Bc3 Rd1+ 24. Ne1 Nc6 25. Kh2 Ne7 26. Rf3 Nd5 27. Nc2
Nxc3 28. bxc3 b5 29. Nd4 b4 {White resigns} 0-1

[Event "Team 45 45 League T45"]
[Site "Internet Chess Club"]
[Date "2010.05.16"]
[Round "2"]
[White "Troparion"]
[Black "Constrictor"]
[Result "1/2-1/2"]
[WhiteElo "1777"]
[BlackElo "1765"]
[Opening "Dutch"]
[ECO "A80"]
[Time "16:00:12"]
[TimeControl "2700+45"]

1. d4 f5 2. Bf4 Nf6 3. e3 b6 4. Be2 Bb7 5. Bf3 Qc8 6. Nd2 d6 7. c3 Nbd7 8. Qb3
Bxf3 9. Ngxf3 d5 10. Ne5 e6 11. Ndf3 Nxe5 12. Nxe5 Bd6 13. Qb5+ Ke7 14. h3 Bxe5
15. Bxe5 Qd7 16. Bxf6+ gxf6 17. Qxd7+ Kxd7 18. f4 Rhg8 19. Kf2 Rg7 20. g3 Rag8
21. Rag1 h5 22. b4 Kc6 23. a4 Kd6 24. Rh2 Rc8 25. Rhh1 Rb8 26. Rc1 c5 27. Kf3
Rbg8 28. Rhg1 Rc7 29. Rgf1 Rcg7 30. Rg1 Rc7 31. Rgf1 Rcg7 32. Rg1 Rc7 {Game
drawn by repetition} 1/2-1/2

[Event "Team 45 45 League T45"]
[Site "Internet Chess Club"]
[Date "2010.05.16"]
[Round "2"]
[White "eurander"]
[Black "bgolev"]
[Result "1-0"]
[WhiteElo "2223"]
[BlackElo "1829"]
[Opening "Ruy Lopez: Wormald (Alapin) attack"]
[ECO "C77"]
[Time "17:00:10"]
[TimeControl "2700+45"]

1. e4 e5 2. Nf3 Nc6 3. Bb5 a6 4. Ba4 Nf6 5. Qe2 b5 6. Bb3 Bc5 7. d3 h6 8. Be3
Bxe3 9. fxe3 d6 10. O-O Na5 11. Nc3 Nxb3 12. axb3 c6 13. Qe1 O-O 14. Nh4 g6 15.
h3 Nh5 16. g4 Ng7 17. Qg3 Qg5 18. Rae1 Ra7 19. Kh2 Qe7 20. Nf3 Kh7 21. Qh4 f5
22. exf5 gxf5 23. g5 h5 24. Rg1 Kg6 25. Qg3 Kf7 26. d4 e4 27. Nd2 Kg6 28. Ne2
Be6 29. Nf4+ Kf7 30. Ref1 Ke8 31. Ng6 Qf7 32. Nxf8 Qxf8 33. Nxe4 Qe7 34. Nf6+
Kd8 35. d5 cxd5 36. Rd1 Rc7 37. c3 b4 38. cxb4 Rc2+ 39. Rg2 Qc7 40. Nxd5 Rxg2+
41. Qxg2 Bxd5 42. Qxd5 Kd7 43. Qf7+ Kc6 44. Rc1+ {Black resigns} 1-0

[Event "Team 45 45 League T45"]
[Site "Internet Chess Club"]
[Date "2010.05.14"]
[Round "2"]
[White "Beddathanme"]
[Black "pestka"]
[Result "0-1"]
[WhiteElo "1815"]
[BlackElo "2217"]
[Opening "Sicilian: Grand Prix attack"]
[ECO "B23"]
[Time "23:37:52"]
[TimeControl "2700+45"]

1. e4 c5 2. Nc3 Nc6 3. f4 g6 4. Nf3 Bg7 5. Bb5 Nd4 6. O-O Nxb5 7. Nxb5 d5 8.
exd5 a6 9. Nc3 Nf6 10. d4 Nxd5 11. dxc5 Nxc3 12. Qxd8+ Kxd8 13. bxc3 Bxc3 14.
Rb1 Kc7 15. Rb3 Bf6 16. Bd2 Be6 17. Ba5+ Kb8 18. Rb6 Rc8 19. Rfb1 Rxc5 20. Rxb7+
Kc8 21. Be1 Bxa2 22. R1b4 Bd5 23. R7b6 Bxf3 24. gxf3 Rxc2 25. Bf2 a5 26. Rb1 a4
{White resigns} 0-1

[Event "Team 45 45 League T45"]
[Site "Internet Chess Club"]
[Date "2010.05.14"]
[Round "2"]
[White "Duguesclin"]
[Black "Beetlejuice"]
[Result "0-1"]
[WhiteElo "1620"]
[BlackElo "1835"]
[Opening "QGD: Chigorin defense"]
[ECO "D07"]
[Time "15:00:48"]
[TimeControl "2700+45"]

1. d4 d5 2. c4 Nc6 3. Nf3 Bg4 4. e3 e5 5. dxe5 dxc4 6. Qxd8+ Rxd8 7. Be2 Nb4 8.
Na3 Nd3+ 9. Bxd3 cxd3 10. Nd4 Bxa3 11. bxa3 c5 12. Nb5 b6 13. f3 Be6 14. Nxa7
Ne7 15. Bd2 O-O 16. O-O Ra8 17. Nb5 Nc6 18. f4 Na5 19. f5 Bd7 20. Nd6 Nc6 21.
Bc3 Rxa3 22. Bb2 Ra4 23. a3 Ne7 24. f6 gxf6 25. Rxf6 Nd5 26. Rf3 c4 27. Rg3+ Kh8
28. e6+ c3 29. Bxc3+ Nxc3 30. e7 Raa8 31. exf8=Q+ Rxf8 32. Rf3 d2 33. Rff1 Ba4
34. Nc4 d1=Q 35. Raxd1 Nxd1 36. Nxb6 Bb3 37. Nd7 Rc8 38. Rf3 Rc3 39. e4 Rxf3 40.
gxf3 Nc3 41. Nc5 Bc2 42. Kf2 Na4 43. Nd7 Bd3 44. Ke3 Bb5 45. Nf6 Kg7 46. e5 Nb2
47. Kd4 Na4 48. h4 Be2 49. f4 Kg6 50. Ne4 Bb5 51. Nd6 Bf1 52. f5+ Kg7 53. h5 h6
54. f6+ Kf8 55. Nf5 Be2 56. Nxh6 Bxh5 57. Kd5 Nc3+ 58. Kc6 Bf3+ 59. Kc5 Bd1 60.
Nf5 Na4+ 61. Kb4 Nb6 62. Ne3 Bf3 63. a4 Nd5+ 64. Nxd5 Bxd5 65. a5 Ke8 66. Kc5
Bb7 67. Kb6 Bf3 68. a6 Kd7 69. Kc5 Ke6 70. Kd4 Bh1 71. a7 Bg2 72. Ke3 Kxe5 73.
Kf2 Ba8 74. Ke3 Kxf6 75. Kf4 Bb7 76. Kg4 Ke5 77. Kg3 Kf5 78. Kf2 Kf4 79. Ke1 Kg3
80. Kf1 f5 81. Kg1 f4 82. Kf1 f3 83. Kg1 f2+ 84. Kf1 Ba6# {White checkmated} 0-1